 Dungeon Crawl Stone Soup version 0.17.0-28-g6e173f8 (webtiles) character file.

5054 Vektorweg the Conjurer (level 10, -6/80 HPs)
             Began as a Demigod Conjurer on Nov 27, 2015.
             Mangled by grerr's ghost (20 damage)
             ... on level 11 of the Dungeon.
             The game lasted 01:04:16 (11291 turns).

Vektorweg the Conjurer (Demigod Conjurer)          Turns: 11291, Time: 01:04:16

Health: -6/80      AC:  8    Str: 11    XL:     10   Next: 9%
Magic:  6/22       EV: 15    Int: 25    God:
Gold:   490        SH:  5    Dex: 16    Spells: 3 memorised, 13 levels left

rFire  + + .     SeeInvis .     A - +8 hand axe of Integrity {flame, *Corrode rF++ rC++}
rCold  + + .     Clarity  .     a - +1 robe
rNeg   . . .     SustAt   +     w - +0 buckler
rPois  .         Gourm    .     (no helmet)
rElec  .         Spirit   .     x - +0 cloak
rCorr  .         Warding  .     (no gloves)
rMut   .         Stasis   .     (no boots)
MR     +....                    (no amulet)
Stlth  +++.......               (no ring)
                                (no ring)

@: about to teleport, somewhat resistant to hostile enchantments, fairly
stealthy
A: iridescent scales 1, high mp 1, sustain attributes
a: no special abilities


You were on level 11 of the Dungeon.
You were not hungry.

You visited 1 branch of the dungeon, and saw 11 of its levels.

You collected 490 gold pieces.

Inventory:

Hand Weapons
 y - a +5 whip of freezing
 z - a +4 short sword of freezing
 A - the +8 hand axe of Integrity (weapon) {flame, *Corrode rF++ rC++}
   (You found it on level 9 of the Dungeon)

   It has been specially enchanted to burn those struck by it, causing extra
   injury to most foes and up to half again as much damage against particularly
   susceptible opponents.
   Big, fiery blades are also staple armaments of hydra-hunters.
   It greatly protects you from fire.
   It greatly protects you from cold.
   It may corrode your equipment when you take damage.
Armour
 a - a +1 robe (worn)
 w - a +0 buckler (worn)
 x - a +0 cloak (worn)
Jewellery
 k - an uncursed ring of positive energy
 l - a +6 ring of strength
 m - a cursed amulet of inaccuracy {unknown}
 B - a +3 ring of strength
Wands
 q - a wand of invisibility (5)
 u - a wand of teleportation (2)
 E - a wand of confusion (24)
Scrolls
 e - a scroll of magic mapping
 f - 3 scrolls of remove curse
 g - a scroll of enchant weapon
 i - 2 scrolls of amnesia
 o - 3 scrolls of teleportation
 p - 2 scrolls of fear
 s - 2 scrolls of recharging
 v - a scroll of blinking
Potions
 d - 3 potions of haste
 t - 3 potions of curing
 F - a potion of heal wounds
Books
 b - a book of Conjurations

   Spells                             Type                      Level
   a - Magic Dart                     Conjuration                  1
   b - Searing Ray                    Conjuration                  2
   c - Dazzling Spray                 Conjuration/Hexes            3
   d - Fulminant Prism                Conjuration/Hexes            4
   e - Iskenderun's Mystic Blast      Conjuration                  4
   f - Iskenderun's Battlesphere      Conjuration/Charms           5
Comestibles
 c - 7 bread rations
 h - 9 beef jerkies
 j - 3 slices of pizza
 n - 11 meat rations


   Skills:
 + Level 4.5 Fighting
 + Level 4.4 Armour
 + Level 5.0 Dodging
 + Level 5.4 Stealth
 * Level 5.0 Shields
 * Level 5.8 Spellcasting
 * Level 7.4 Conjurations


You had 13 spell levels left.
You knew the following spells:

 Your Spells              Type           Power        Failure   Level  Hunger
a - Magic Dart            Conj           ####         1%          1    None
b - Searing Ray           Conj           #####.       1%          2    None
c - Iskenderun's Mystic   Conj           #####...     4%          4    ###....


Dungeon Overview and Level Annotations

Branches:
Dungeon (11/15)            Temple (0/1) D:4             Orc (0/4) D:10
   Lair: D:8-11

Shops:
D:4 (

Annotations:
D:5 wojtek's ghost, novice GrFi
D:11 grerr's ghost, journeyman FoFi


Innate Abilities, Weirdness & Mutations

You have an increased reservoir of magic (+10% MP).
Your attributes are resistant to harm.
You are partially covered in iridescent scales (AC +4).


Message History

Grerr's ghost is lightly damaged.
Grerr's ghost hits you.
The searing ray hits grerr's ghost.
Grerr's ghost is lightly damaged.
Grerr's ghost closely misses you.
The searing ray hits grerr's ghost.
Grerr's ghost is lightly damaged.
Grerr's ghost hits you!
* * * LOW HITPOINT WARNING * * *
The searing ray hits grerr's ghost.
Grerr's ghost is lightly damaged.
Grerr's ghost utters, "No lamp to guide me anymore..."
Grerr's ghost hits you!
* * * LOW HITPOINT WARNING * * *
Grerr's ghost freezes you.
* * * LOW HITPOINT WARNING * * *
Read which item? (? for menu, Esc to quit)
As you read the scroll of teleportation, it crumbles to dust.
You feel strangely unstable. Grerr's ghost hits you!!
You die...

......#
......#
....[.#
......#
......#
######......#
#...........#
#........##.#
#@W.........#
#.........?.#
#............
#............
#............
######.###...
.# .. .#


You could see grerr's ghost.

Vanquished Creatures
  Maurice (D:8)
  A troll (D:9)
  Prince Ribbit (D:5)
  A two-headed ogre (D:10)
  2 yaks (D:9)
  A deep elf mage (D:9)
  2 water moccasins (D:8)
  2 black bears
  4 sky beasts
  A necrophage (D:10)
  5 ogres
  An orc warrior (D:7)
  3 centaurs
  2 ice beasts
  A big kobold (D:7)
  5 giant frogs
  2 scorpions
  3 jellies
  3 crimson imps
  2 giant frog zombies
  5 orc priests
  5 hounds
  3 centaur skeletons
  3 orc wizards
  A giant frog skeleton (D:5)
  8 worker ants
  3 iguanas
  2 hound skeletons
  2 worker ant zombies
  6 gnolls
  11 adders
  A shadow imp (D:8)
  2 oozes
  5 worms
  4 giant geckos
  36 orcs
  3 ball pythons
  6 giant cockroaches
  12 hobgoblins
  14 jackals
  7 kobolds
  7 quokkas
  A ball python zombie (D:5)
  13 bats
  11 goblins
  A jackal skeleton (D:5)
  2 quokka skeletons
  14 rats
231 creatures vanquished.

Vanquished Creatures (others)
  4 fungi (D:10)
4 creatures vanquished.

Grand Total: 235 creatures vanquished

Notes
Turn   | Place    | Note
--------------------------------------------------------------
     0 | D:1      | Vektorweg the Demigod Conjurer began the quest for the Orb.
     0 | D:1      | Reached XP level 1. HP: 14/14 MP: 5/5
   236 | D:1      | Reached XP level 2. HP: 16/22 MP: 1/7
   295 | D:1      | Reached skill level 1 in Fighting
   533 | D:1      | Learned a level 2 spell: Searing Ray
   897 | D:2      | Reached XP level 3. HP: 28/28 MP: 3/8
   944 | D:2      | Found a sparkling altar of Nemelex Xobeh.
  1260 | D:2      | Found an iron altar of Okawaru.
  1348 | D:2      | Reached skill level 4 in Conjurations
  1630 | D:3      | Reached XP level 4. HP: 32/35 MP: 4/9
  2365 | D:3      | Reached XP level 5. HP: 41/41 MP: 6/11
  2947 | D:4      | Found a staircase to the Ecumenical Temple.
  2963 | D:4      | Found Worastregg's Weapon Emporium.
  2973 | D:4      | Noticed an ogre
  3216 | D:4      | Reached XP level 6. HP: 39/48 MP: 4/13
  3268 | D:4      | Reached skill level 1 in Armour
  3806 | D:4      | Found a stormy altar of Qazlal.
  4034 | D:4      | Killed an ogre
  4039 | D:5      | Entered Level 5 of the Dungeon
  4070 | D:5      | Noticed Prince Ribbit
  4087 | D:5      | Killed Prince Ribbit
  4087 | D:5      | Reached skill level 5 in Conjurations
  4087 | D:5      | Reached XP level 7. HP: 56/56 MP: 2/15
  4855 | D:5      | Noticed wojtek's ghost (novice GrFi)
  4874 | D:5      | Reached skill level 1 in Shields
  5200 | D:6      | Reached XP level 8. HP: 63/63 MP: 11/17
  5235 | D:6      | Learned a level 4 spell: Iskenderun's Mystic Blast
  5244 | D:6      | Found an ancient bone altar of Kikubaaqudgha.
  5874 | D:6      | Reached skill level 6 in Conjurations
  6756 | D:7      | Found an iron altar of Okawaru.
  6759 | D:7      | Found a shimmering altar of Xom.
  6762 | D:7      | Found a burning altar of Makhleb.
  7003 | D:7      | Reached XP level 9. HP: 55/71 MP: 15/19
  7378 | D:8      | Noticed Maurice
  7639 | D:9      | Found a bloodstained altar of Trog.
  7893 | D:8      | Reached skill level 5 in Spellcasting
  8088 | D:8      | Killed Maurice
  8088 | D:8      | Reached skill level 5 in Stealth
  8737 | D:9      | Reached skill level 7 in Conjurations
  8748 | D:9      | Got a warped hand axe
  8749 | D:9      | Identified the +8 hand axe of Integrity {flame, *Corrode rF++ rC++} (You found it on level 9 of the Dungeon)
  8786 | D:9      | Noticed a centaur warrior
  8788 | D:9      | Reached skill level 5 in Dodging
  8797 | D:9      | HP: 1/72 [centaur warrior/arrow (14)]
  9827 | D:10     | Entered Level 10 of the Dungeon
  9827 | D:10     | Found a staircase to the Orcish Mines.
 10204 | D:10     | Reached XP level 10. HP: 16/78 MP: 8/22
 10299 | D:9      | HP: 4/80 [yak (4)]
 11048 | D:9      | Reached skill level 5 in Shields
 11273 | D:11     | Noticed grerr's ghost (journeyman FoFi)
 11274 | D:11     | Gained mutation: You are partially covered in iridescent scales (AC +4). [potion of beneficial mutation]
 11291 | D:11     | Mangled by grerr's ghost

Action                   |  1- 3 |  4- 6 |  7- 9 | 10-12 || total
-------------------------+-------+-------+-------+-------++-------
Melee: Unarmed           |    10 |       |       |       ||    10
       Dagger            |     7 |    17 |     4 |       ||    28
       Whip              |       |       |    29 |       ||    29
       Hand axe          |       |       |     5 |    10 ||    15
 Cast: Magic Dart        |    97 |    79 |   132 |    10 ||   318
       Searing Ray       |     7 |    31 |    76 |     9 ||   123
       Iskenderun's Myst |       |       |    12 |     4 ||    16
Evoke: Wand              |       |       |     1 |       ||     1
  Use: Scroll            |       |     9 |    10 |     2 ||    21
       Potion            |       |     1 |    11 |     3 ||    15
 Stab: Invisible         |       |       |     2 |       ||     2
  Eat: Chunk             |     4 |     8 |    17 |       ||    29
       Bread ration      |       |       |     1 |     1 ||     2
